 Dungeon Crawl Stone Soup version 0.31-a0-1323-g0d4b2e2 (webtiles) character file.

Game seed: 4316445389658683410

103 Meow the Conjurer (level 4, 36/36 HPs)
             Began as a Naga Conjurer on Dec 20, 2023.
             Quit the game on level 2 of the Dungeon.
             The game lasted 00:04:48 (1937 turns).

Meow the Conjurer (Naga Conjurer)                   Turns: 1937, Time: 00:04:49

Health: 36/36      AC:  4    Str: 10    XL:     4   Next: 79%
Magic:  9/9        EV:  9    Int: 20    God:
Gold:   122        SH:  5    Dex:  9    Spells: 6/9 levels left

rFire   . . .        a - +0 sling
rCold   . . .        (no shield)
rNeg    . . .        g - +0 robe
rPois   +            s - +2 hat
rElec   .            (no cloak)
rCorr   .            (no gloves)
SInv    +            (no barding)
Will    .....        n - amulet of reflection
Stlth   ++           (no ring)
HPRegen 0.26/turn    (no ring)
MPRegen 0.11/turn

%: reflection
@: very slow
A: AC +1, large, see invisible, deformed body, poison resistance, slowness 2,
spit poison 1, naga tail 1
a: Spit Poison


You were on level 2 of the Dungeon.
You visited 1 branch of the dungeon, and saw 2 of its levels.

You collected 122 gold pieces.

Inventory:

Hand Weapons
 a - a +0 sling (weapon)
 b - a +2 spear of venom
Missiles
 d - a throwing net
 e - 9 stones
 i - 5 poisoned darts
Armour
 g - a +0 robe (worn)
 s - a +2 hat (worn)
Jewellery
 l - a ring of fire
 n - an amulet of reflection (around neck)
Scrolls
 c - a scroll of noise
 h - a scroll of silence
 j - a scroll of fear
 r - a scroll of fog {unknown}
Potions
 f - 2 potions of haste {unknown}
 k - a potion of degeneration {unknown}
 m - 2 potions of invisibility {unknown}
 o - 2 potions of mutation {unknown}
 p - 2 potions of brilliance {unknown}
 q - a potion of magic


   Skills:
 - Level 1.5 Dodging
 - Level 3.0 Stealth
 + Level 3.4 Spellcasting
 + Level 5.1 Conjurations


You had 6 spell levels left.
You knew the following spells:

 Your Spells              Type           Power      Damage    Failure   Level
a - Magic Dart            Conj           92%        1d7       1%          1
b - Searing Ray           Conj           46%        2d6       2%          2

Your spell library contained the following spells:

 Spells                   Type           Power      Damage    Failure   Level
 Ensorcelled Hibernation  Hex/Ice        6%         N/A       21%         2
 Fugue of the Fallen      Necr           3%         N/A       38%         3
 Fulminant Prism          Conj/Alch      6%         3d6       43%         4
 Iskenderun's Mystic Bla  Conj/Tloc      13%        2d5       43%         4
 Anguish                  Hex/Necr       1%         N/A       80%         4


Dungeon Overview and Level Annotations

Branches:
Dungeon (2/15)

Altars:


Innate Abilities, Weirdness & Mutations

Your serpentine skin is tough. (AC +1)
You have supernaturally acute eyesight. (SInv)
Armour fits poorly on your strangely shaped body.
Your system is resistant to poisons. (rPois)
You cover ground very slowly.
You can spit poison.
You have a snake-like lower body.


Message History

Found a stone staircase leading down.
A frilled lizard comes into view.
Aiming: Spit Poison (1% risk of failure)
Press: ? - help, Shift-Dir - straight line, f - you
Okay, then.
Fire: a) +0 sling
Press: ? - help, Q - select action, (/) - cycle Shift-Dir - straight line, f - frilled lizard
Aim: a frilled lizard (wandering, hasn't noticed you, 22% to hit)
You shoot a sling bullet.
The sling bullet misses the frilled lizard.
Unknown command.
Fire: a) +0 sling
Press: ? - help, Q - select action, (/) - cycle Shift-Dir - straight line, f/p - frilled lizard
Aim: a frilled lizard (22% to hit)
You shoot a sling bullet.
The sling bullet misses the frilled lizard.
Unknown command.
Aiming: Spit Poison (1% risk of failure)
Press: ? - help, Shift-Dir - straight line, f/p - frilled lizard
Aim: a frilled lizard (37% to hit)
The splash of poison hits the frilled lizard.
The frilled lizard is poisoned.
You kill the frilled lizard!
Unknown command.
You have got your breath back.
o - 2 glowing dark potions (gained 1)
You see here a +2 hat.
s - a +2 hat You start putting on your armour.
You continue putting on your +2 hat. x4
You finish putting on your +2 hat.
Found an escape hatch in the floor.
Found a dagger.
You pick up a book of Dreams and begin reading...
You add the spells Ensorcelled Hibernation, Fugue of the Fallen and Anguish to your library.
Done exploring.
Done exploring.
Options error: Unknown explore stop condition 'your_transformation_is_almost_over.' (~/.crawlrc:4) Welcome back, Meow the Naga Conjurer.
Press ? for a list of commands and other information.
Are you sure you want to abandon this character and quit the game? (Confirm with "yes".)

#.# #.....# #.##.#
#.# #.....# #....<
##.# #.....# #####.
#..# #.....# #.
#.## ####### #. #.#
#. ##.## #########.
##...########
#.........
##.^...#@....#
#.########
##........###.# #.#
#.........###.# #.#
##..........#.###.#
##.....#.#....[..#
##...##.###.#####
##.###.....# ###
#######


There were no monsters in sight!

Vanquished Creatures
  4 gnolls (D:2)
  2 adders (D:2)
  5 dart slugs
  3 ball pythons
  6 bats
  6 endoplasms
  A giant cockroach (D:1)
  A goblin (D:1)
  4 hobgoblins (D:2)
  A frilled lizard (D:2)
  5 rats
38 creatures vanquished.

Notes
Turn   | Place    | Note
-------+----------+-------------------------------------------
     0 | D:1      | Meow the Naga Conjurer began the quest for the Orb.
     0 | D:1      | Reached XP level 1. HP: 15/15 MP: 3/3
     6 | D:1      | Noticed a hound
     6 | D:1      | Noticed a brain worm
     7 | D:1      | Noticed a crocodile
     7 | D:1      | Noticed a black bear
   202 | D:1      | Reached XP level 2. HP: 22/22 MP: 1/5
   205 | D:1      | Learned a level 2 spell: Searing Ray
   869 | D:2      | Reached XP level 3. HP: 28/28 MP: 0/6
  1119 | D:2      | Reached XP level 4. HP: 33/36 MP: 4/8
  1344 | D:2      | Reached skill level 5 in Conjurations
  1937 | D:2      | Quit the game

Illustrated notes

Levels and vault maps discovered:
D:1:      onia_arrival_zoo_common, layout_basic, minmay_misc_feat_tiny
D:2:      layout_loops_cross

Skill      XL: |  1  2  3  4 |
---------------+-------------+-----
Spellcasting   | 3 |  3.4
Conjurations   | 5 |  5.1
Dodging        | |  1.5
Stealth        | |  3.0

Action                     |  1- 3 |  4- 6 || total
---------------------------+-------+-------++-------
  Melee: Unarmed           |     1 |       ||     1
         Spear             |     1 |       ||     1
   Fire: Sling             |       |     8 ||     8
   Cast: Magic Dart        |    25 |    12 ||    37
         Searing Ray       |     5 |     7 ||    12
Ability: Spit Poison       |    13 |     9 ||    22
    Use: Scroll            |     3 |       ||     3
 Armour: Robe              |     8 |     4 ||    12
  Dodge: Dodged            |     3 |     2 ||     5
  Block: Other             |     1 |     2 ||     3

Table legend: (Time is in decaauts)
 A = Elapsed time spent in this place.
 B = Non-inter-level travel time spent in this place.
 C = Inter-level travel time spent in this place.
 D = Time resting spent in this place.
 E = Time spent auto-exploring this place.
 F = Levels seen in this place.
 G = Mean time per level.
                   A        B        C        D        E       F      G
               +--------+--------+--------+--------+--------+-----+--------+
         Total |   2389 |   2343 |     46 |    650 |   1424 |   2 | 1194.5 |
       Dungeon |   2389 |   2343 |     46 |    650 |   1424 |   2 | 1194.5 |
               +--------+--------+--------+--------+--------+-----+--------+

Top non-repeatable levels by time:
     D:2: 1330 daAuts
     D:1: 1059 daAuts
